 Dungeon Crawl Stone Soup version 0.27-a0-1220-g54dba09ff7 (webtiles) character file.

Game seed: 11629203518010466723

873 Froggeryz the Magician (level 8, 0/50 HPs)
             Began as a Djinni Fire Elementalist on June 7, 2021.
             Was an Initiate of Ashenzari.
             Slain by Edmund
             ... wielding a +2 vorpal flail
              (3 damage)
             ... on level 5 of the Dungeon.
             The game lasted 00:07:06 (5643 turns).

Froggeryz the Magician (Djinni Fire Elementalist)   Turns: 5643, Time: 00:07:06

Health: 0/50       AC:  3    Str:  7    XL:     8   Next: 24%
Gold:   4          EV: 14    Int: 20    God:    Ashenzari [......] SH:  0 Dex: 13

rFire    + + .     SeeInvis +   c - +2 dagger (venom)
rCold    x . .     Faith    .   (no shield)
rNeg     . . .     Spirit   .   a - +0 robe
rPois    ∞         Reflect  .   (no helmet)
rElec    .         Harm     .   e - +0 cloak
rCorr    .         Rampage  .   (no gloves)
Will     .....                  (boots unavailable)
Stlth    ++........             (no amulet)
HPRegen  0.16/turn              n - ring "Kuczuezo" {Fly SInv}
MPRegen  0.00/turn              (no ring)

@: flying, very slightly contaminated
A: sickness immunity, fire resistance 2, cold vulnerability 1, float, innate
caster, hp casting, extra vitality 1
a: Renounce Religion, Curse Item


You were on level 5 of the Dungeon.
You worshipped Ashenzari.
Ashenzari was noncommittal.
You visited 1 branch of the dungeon, and saw 5 of its levels.

You collected 162 gold pieces.
You spent 158 gold pieces at shops.

Inventory:

Hand Weapons
 c - a +2 dagger of venom (weapon)
 d - a +2 whip of venom
Missiles
 j - 3 atropa-tipped darts
Armour
 a - a +0 robe (worn)
 e - a +0 cloak (worn)
Jewellery
 n - the ring "Kuczuezo" (left hand) {Fly SInv}
   (You bought it in a shop on level 3 of the Dungeon)

   [ring of see invisible]

   It lets you see invisible.
   It grants you flight.
Wands
 l - a wand of iceblast (9)
 o - a wand of digging (7)
Scrolls
 b - 2 scrolls of magic mapping
 f - 4 scrolls of teleportation
 h - a scroll of blinking
 i - a scroll of fear
 k - a scroll of enchant armour
 m - a scroll of fog
Potions
 g - a potion of might
 p - a potion of ambrosia


   Skills:
 + Level 5.8 Dodging
 - Level 1.5 Stealth
 * Level 6.0 Spellcasting


You couldn't memorise any spells.
You knew the following spells:

 Your Spells              Type           Power      Damage    Failure   Level
a - Foxfire               Conj/Fire      100%       2x1d9     1%          1
b - Conjure Flame         Conj/Fire      30%        6-21      2%          3
c - Inner Flame           Hex/Fire       30%        N/A       2%          3
d - Sticky Flame          Conj/Fire      30%        2d5       9%          4
e - Fireball              Conj/Fire      15%        3d8       24%         5
f - Summon Small Mammal   Summ           100%       N/A       1%          1
g - Blink                 Tloc           N/A        N/A       1%          2
h - Summon Guardian Gole  Hex/Summ       30%        N/A       2%          3
Your spell library was empty.

Dungeon Overview and Level Annotations

Branches:
Dungeon (5/15)
 Temple: D:4-7

Altars:
Ashenzari
Cheibriados
Nemelex Xobeh
Zin

Shops:
D:3 *

Annotations:
D:3 Grinder
D:5 Edmund


Innate Abilities, Weirdness & Mutations

You are immune to sickness and miasma.
You are immune to poison.
Your flesh is very heat resistant. (rF++)
You are vulnerable to cold. (rC-)
You float through the air rather than walking.
You learn spells naturally, not from books.
Your magical power is your life essence.
You have superior vitality. (+4 HP)


Message History

Edmund is lightly wounded.
The foxfire hits Edmund.
Edmund is lightly wounded.
The foxfire hits Edmund.
Edmund is lightly wounded.
Casting: Foxfire (safe; 1% risk of failure)
Confirm with . or Enter, or press ? or * to list all spells.
You conjure some foxfire!
Casting: Foxfire (safe; 1% risk of failure)
Confirm with . or Enter, or press ? or * to list all spells.
Aiming: Sticky Flame (dangerous; 9% risk of failure)
Press: ? - help, Shift-Dir - straight line, f - Edmund
Aim: Edmund, wielding a +2 vorpal flail and wearing a +2 scale mail of positive energy (lightly wounded, ally target, 100% to hit)
The sticky flame hits your foxfire.
Your foxfire completely resists.
The foxfire hits Edmund.
Edmund is moderately wounded.
The foxfire hits Edmund but does no damage.
Edmund is moderately wounded.
Edmund closely misses you.
Casting: Sticky Flame (dangerous; 9% risk of failure)
Confirm with . or Enter, or press ? or * to list all spells.
Aiming: Sticky Flame (dangerous; 9% risk of failure)
Press: ? - help, Shift-Dir - straight line, f - Edmund
Aim: Edmund, wielding a +2 vorpal flail and wearing a +2 scale mail of positive energy (moderately wounded, 100% to hit)
You miscast Sticky Flame.
You are very lightly contaminated with residual magic.
Nothing appears to happen.
Edmund hits you with a +2 vorpal flail. Edmund hits you with a +2 vorpal flail!
Casting: Sticky Flame (dangerous; 9% risk of failure)
Confirm with . or Enter, or press ? or * to list all spells.
Aiming: Sticky Flame (dangerous; 9% risk of failure)
Press: ? - help, Shift-Dir - straight line, f/p - Edmund
Aim: Edmund, wielding a +2 vorpal flail and wearing a +2 scale mail of positive energy (moderately wounded, 100% to hit)
The sticky flame hits Edmund but does no damage.
Edmund is moderately wounded.
Edmund is covered in liquid flames!
Edmund burns!
Edmund hits you with a +2 vorpal flail!
* * * LOW HITPOINT WARNING * * *
You die...

.......# ..>....#
#..##..##+######
#'###..........
...###+##.....#####
...# #.....##..### #..#
#...........# #+##
#...........# #
#...)...@...# #
#........@..# #######
#..##.####'##
...##.###..##.###....
...'............#.....
...#............+.....#
...#............#....$+
...##########.###.....#
†... +# ###....


You could see Edmund (burning).

Vanquished Creatures
  A water moccasin (D:4)
  A black bear (D:5)
  An ogre (D:4)
  2 scorpions
  A water moccasin skeleton (D:4)
  3 hounds
  Crazy Yiuf (D:2)
  A centaur skeleton (D:3)
  An orc wizard (D:3)
  3 iguanas (D:4)
  2 hound skeletons (D:4)
  A howler monkey skeleton (D:5)
  3 adders (D:2)
  4 gnolls (D:5)
  An ufetubus (D:4)
  2 worms
  5 orcs (D:3)
  5 endoplasms
  4 giant cockroaches (D:1)
  3 hobgoblins
  9 jackals (D:1)
  2 kobolds (D:1)
  5 quokkas
  5 ball pythons
  6 bats
  6 frilled lizards
  9 goblins
  3 rats
90 creatures vanquished.

Vanquished Creatures (collateral kills)
  A foxfire (D:2)
1 creature vanquished.

Vanquished Creatures (others)
  345 foxfires
  3 fungi (D:2)
  4 toadstools (D:1)
352 creatures vanquished.

Grand Total: 443 creatures vanquished

Notes
Turn   | Place    | Note
-------+----------+-------------------------------------------
     0 | D:1      | Froggeryz the Djinni Fire Elementalist began the quest for
                  | the Orb.
     0 | D:1      | Reached XP level 1. HP: 15/15 MP: 0/0
   335 | D:1      | Reached XP level 2. HP: 13/21 MP: 0/0
   824 | D:1      | Reached XP level 3. HP: 20/25 MP: 0/0
   824 | D:1      | Learned a level 1 spell: Summon Small Mammal
   939 | D:1      | Reached skill level 3 in Spellcasting
  1102 | D:1      | Found a faded altar of an unknown god.
  1710 | D:2      | Found a broken altar of Ashenzari.
  1721 | D:2      | Became a worshipper of Ashenzari the Shackled
  2123 | D:2      | Reached XP level 4. HP: 28/31 MP: 0/0
  2336 | D:2      | Found a runed translucent door.
  2339 | D:2      | Noticed Crazy Yiuf
  2363 | D:2      | Killed Crazy Yiuf
  2648 | D:2      | Reached XP level 5. HP: 28/35 MP: 0/0
  2648 | D:2      | Learned a level 2 spell: Blink
  3078 | D:3      | Reached skill level 4 in Spellcasting
  3078 | D:3      | Reached XP level 6. HP: 25/40 MP: 0/0
  3335 | D:3      | Found Owuok's Assorted Antiques.
  3441 | D:3      | Noticed Grinder
  3901 | D:4      | Found a snail-covered altar of Cheibriados.
  4226 | D:4      | Found a glowing silver altar of Zin.
  4226 | D:4      | Noticed an angel
  4504 | D:4      | Noticed a water moccasin
  4510 | D:4      | Killed a water moccasin
  4511 | D:4      | Reached skill level 5 in Spellcasting
  4511 | D:4      | Reached XP level 7. HP: 40/45 MP: 0/0
  4511 | D:4      | Learned a level 3 spell: Summon Guardian Golem
  4575 | D:4      | Found a sparkling altar of Nemelex Xobeh.
  4639 | D:4      | Reached skill level 5 in Dodging
  5266 | D:4      | Reached XP level 8. HP: 48/50 MP: 0/0
  5414 | D:3      | Bought a transparent iron ring for 80 gold pieces
  5414 | D:3      | Identified the ring "Kuczuezo" {Fly SInv} (You bought it in
                  | a shop on level 3 of the Dungeon)
  5414 | D:3      | Bought a crooked copper wand for 64 gold pieces
  5414 | D:3      | Bought a fizzy purple potion for 14 gold pieces
  5475 | D:5      | Entered Level 5 of the Dungeon
  5542 | D:5      | Reached skill level 6 in Spellcasting
  5634 | D:5      | Noticed Edmund
  5643 | D:5      | Slain by Edmund

Illustrated notes

Levels and vault maps discovered:
D:1:      ldierk_water_garden, layout_loops_ring, ebering_ecumenical_altar_webs
D:2:      layout_basic, basic_altar, uniq_crazy_yiuf_cottage
D:3:      layout_rooms, serial_shops, shop, nrook_campfire,
          minmay_pentomino_pile, uniq_grinder
D:4:      layout_basic, lemuel_coloured_pillars_altar, zin_angel,
          overflow_temple_1_default
D:5:      layout_gridville, grunt_temple_overflow_forces_of_nature,
          minmay_temple_entry_gardened_gates, uniq_edmund

Skill      XL: |  1  2  3  4  5  6  7  8 |
---------------+-------------------------+-----
Spellcasting   | 3 4 5 6 |  6.0
Dodging        | 3 4 5 |  5.8
Stealth        | |  1.5

Action                   |  1- 3 |  4- 6 |  7- 9 || total
-------------------------+-------+-------+-------++-------
Melee: Unarmed           |     3 |       |       ||     3
       Dagger            |       |    55 |    10 ||    65
 Cast: Foxfire           |    83 |    91 |    44 ||   218
       Conjure Flame     |     1 |     1 |     5 ||     7
       Sticky Flame      |       |       |     4 ||     4
 Stab: Sleeping          |       |     2 |     1 ||     3
Armor: Robe              |     5 |    13 |     2 ||    20
Dodge: Dodged            |    17 |    34 |    22 ||    73

Table legend: (Time is in decaauts)
 A = Elapsed time spent in this place.
 B = Non-inter-level travel time spent in this place.
 C = Inter-level travel time spent in this place.
 D = Time resting spent in this place.
 E = Time spent auto-exploring this place.
 F = Levels seen in this place.
 G = Mean time per level.
                   A        B        C        D        E       F      G
               +--------+--------+--------+--------+--------+-----+--------+
         Total |   5643 |   5414 |    229 |      2 |   4735 |   5 | 1128.6 |
       Dungeon |   5643 |   5414 |    229 |      2 |   4735 |   5 | 1128.6 |
               +--------+--------+--------+--------+--------+-----+--------+

Top non-repeatable levels by time:
     D:1: 1705 daAuts
     D:4: 1598 daAuts
     D:2: 1334 daAuts
     D:3: 837 daAuts
     D:5: 167 daAuts
